 Dungeon Crawl Stone Soup version 0.21-a0-210-gbfa5647 (webtiles) character file.

352610 Leszczynek the Brawler (level 21, 0/185 HPs)
             Began as a Troll Skald on Aug 22, 2017.
             Was the Champion of Cheibriados.
             Slain by a tentacled monstrosity (3 damage)
             ... on level 5 of the Vaults.
             The game lasted 03:08:27 (20478 turns).

Leszczynek the Brawler (Troll Skald)               Turns: 20478, Time: 03:08:28

Health: 0/185      AC: 13    Str: 40    XL:     21   Next: 32%
Magic:  14/30      EV: 23    Int: 28    God:    Cheibriados [******]
Gold:   1777       SH: 16    Dex: 27    Spells: 3/34 levels left

rFire    + . .     SeeInvis .     - Unarmed
rCold    + . .     Gourm    +   S - +2 shield
rNeg     + . .     Faith    .   P - +3 troll leather armour
rPois    +         Spirit   .   V - +1 hat
rElec    .         Reflect  .   Z - +1 cloak {rC+}
rCorr    .         Harm     .   (gloves unavailable)
MR       ++++.     Clarity  +   (boots unavailable)
Stlth    ++........             p - amulet of the Four Winds {rN+ MR+++ Clar}
HPRegen  1.20/turn              R - ring of fire
MPRegen  0.22/turn              K - +5 ring of evasion

@: constricted, very slow
A: unfitting armour, beak, claws 3, iridescent scales 1, blink, cold resistance
1, deformed body, fast metabolism 3, frail 1, gourmand, poison resistance,
regeneration 1, screaming 1, shaggy fur 1, tough skin 2, wild magic 1
}: 2/15 runes: decaying, serpentine
a: Blink, Bend Time, Temporal Distortion, Slouch, Step From Time, Renounce
Religion


You were on level 5 of the Vaults.
You worshipped Cheibriados.
Cheibriados was exalted by your worship.
You were full.

You visited 8 branches of the dungeon, and saw 40 of its levels.
You also visited: Labyrinth, Ice Cave, Wizlab and Desolation.

You collected 3901 gold pieces.
You spent 2124 gold pieces at shops.

Inventory:

Hand Weapons
 b - a +1 blowgun
Missiles
 t - 48 tomahawks (quivered)
 B - 23 large rocks
 C - 4 curare-tipped needles
 I - 2 throwing nets
Armour
 x - a +0 large shield
 P - a +3 troll leather armour (worn)
 S - a +2 shield (worn)
 V - a +1 hat (worn)
 Z - a +1 cloak of cold resistance (worn)
Magical Staves
 a - an uncursed staff of wizardry
Jewellery
 c - the ring "Teqemuts" {Ice Str+4}
   (You took it off a deep elf mage on level 3 of the Elven Halls)

   [ring of ice]

   It enhances your ice magic.
   It affects your strength (+4).
   It makes you vulnerable to fire.
   It protects you from cold.
 l - the ring "Voaty" {rC+ MR+ Str+3}
   (You took it off a deep elf demonologist on level 3 of the Elven Halls)

   [ring of protection from magic]

   It affects your strength (+3).
   It protects you from cold.
   It affects your resistance to hostile enchantments.
 p - the amulet of the Four Winds (around neck) {rN+ MR+++ Clar}
   (You found it on level 3 of the Elven Halls)

   [amulet of nothing]

   It protects you from negative energy.
   It affects your resistance to hostile enchantments.
   It protects you against confusion.
 q - an uncursed ring of positive energy
 s - a +3 amulet of reflection
 K - a +5 ring of evasion (right claw)
 R - a ring of fire (left claw)
Wands
 y - a wand of enslavement (13/24)
 A - a wand of confusion (17/48)
 F - a wand of digging (2/24)
 O - a wand of paralysis (17/24)
 W - a wand of acid (9/15)
Scrolls
 e - 13 scrolls of remove curse {@r2}
 f - 9 scrolls of immolation {!r}
 j - 3 scrolls of fear
 n - 3 scrolls of fog
 u - a scroll of recharging
 v - 6 scrolls of summoning
 w - 9 scrolls of teleportation
 J - a scroll of magic mapping
 T - a scroll of identify {@r1}
Potions
 g - 2 potions of ambrosia
 h - 5 potions of flight
 k - 8 potions of curing {@q1}
 m - 3 potions of agility
 r - 2 potions of resistance
 E - 2 potions of might
 G - 2 potions of magic
 H - 21 potions of mutation {!q}
 N - 2 potions of brilliance
 Q - 4 potions of heal wounds {@q2}
 U - a potion of lignification {!q}
 X - a potion of cancellation
Books
 D - a book of Burglary

   Spells                             Type                      Level
   a - Swiftness                      Charms/Air                   2
   b - Passwall                       Transmutation/Earth          2
   c - Passage of Golubria            Translocation                4
   d - Lee's Rapid Deconstruction     Earth                        5
   e - Darkness                       Hexes                        6
   f - Invisibility                   Hexes                        6
Miscellaneous
 M - a lightning rod (4/4)
 Y - a fan of gales
Comestibles
 d - 13 bread rations
 o - 14 meat rations
 z - 8 royal jellies
 L - a chunk of flesh


   Skills:
 + Level 12.2 Fighting
 - Level 9.0 Throwing
 - Level 11.0 Dodging
 - Level 9.0 Shields
 - Level 17.2 Unarmed Combat
 - Level 7.2 Spellcasting
 + Level 4.2 Conjurations
 - Level 2.0 Charms
 - Level 5.0 Necromancy
 - Level 7.2 Translocations
 + Level 10.3 Transmutations
 - Level 13.4 Earth Magic
 * Level 12.4 Invocations


You had 3 spell levels left.
You knew the following spells:

 Your Spells              Type           Power        Failure   Level  Hunger
a - Summon Butterflies    Summ           ##......     10%         1    None
b - Shroud of Golubria    Chrm/Tloc      #####.....   2%          2    None
c - Animate Skeleton      Necr           N/A          1%          1    None
d - Song of Slaying       Chrm           ####....     6%          2    None
e - Statue Form           Tmut/Erth      #######..    10%         6    ######.
f - Control Undead        Necr           #####.....   11%         4    ##.....
g - Irradiate             Conj/Tmut      ######....   12%         5    ####...
h - Passage of Golubria   Tloc           N/A          5%          4    ##.....
i - Passwall              Tmut/Erth      #######...   1%          2    None
q - Regeneration          Chrm/Necr      #####.....   7%          3    None
A - Apportation           Tloc           ######       1%          1    None


Dungeon Overview and Level Annotations

Branches:
Dungeon (15/15)            Temple (1/1) D:4            Lair (6/6) D:8
  Swamp (4/4) Lair:2        Snake (4/4) Lair:4          Orc (2/2) D:11
    Elf (3/3) Orc:2        Vaults (5/5) D:14          Crypt (0/3) Vaults:2
 Depths (0/5) D:15
  Slime: Lair:5-6

Altars:
Ashenzari
Cheibriados
Gozag
Kikubaaqudgha
Okawaru
Trog
Vehumet
Xom
Yredelemnul
Beogh
Jiyva

Shops:
D:8 *}   D:9 [   D:13 %(   Orc:2 (:[*   Elf:1 !*}   Elf:2 !(   Elf:3 (

Annotations:
D:4 Eustachio
Lair:4 snake (east?), exclusion: oklob plant
Elf:1 exclusion: downstairs, Asterion


Innate Abilities, Weirdness & Mutations

You are too large for most types of armour.
You have claws for hands.
Your metabolism is lightning-fast.
You like to eat raw meat.
Your natural rate of healing is unusually fast.
You are covered in fur. (AC +1)
You have very tough skin. (AC +2)
You have a beak for a mouth.
You are partially covered in iridescent scales. (AC +2)
You can translocate small distances at will.
Your flesh is cold resistant. (rC+)
Armour fits poorly on your strangely shaped body.
You are frail. (-10% HP)
Your system is resistant to poisons. (rPois)
You occasionally shout uncontrollably at your foes.
Your spells are a little harder to cast, but a little more powerful.


Message History

* * * LOW HITPOINT WARNING * * *
* * * LOW HITPOINT WARNING * * *
The tentacled monstrosity constricts you.
The deep elf mage casts a spell.
Unknown command.
Unknown command.
Unknown command.
Unknown command.
Blink to where?
Press: ? - help, Dir - move target cursor The tentacled monstrosity's grasp on you weakens, but your attempt to escape fails.
As you read the scroll of blinking, it crumbles to dust.
You revert to your normal fleshy form.
Your +3 troll leather armour unmelds from your body.
You block the golden dragon's attack. x2
The golden dragon completely misses you.
The tentacled monstrosity tentacle-slaps you but does no damage.
You block the tentacled monstrosity's attack.
The tentacled monstrosity completely misses you.
You die...

###############
...............
..............[
#......Cp###
........DpD#
..#....#.#@#
#....#.#X#
#....#.#XC
#....#.#.#e
#....#.#.#s4
#p...#.#.# #s
#.#.# .. #.# #.


You could see 2 tentacled monstrosities, a titan, a golden dragon, a frost
giant, a quicksilver dragon, 2 vault guards, a deep elf mage, a red devil, a
tarantella and a redback.

Vanquished Creatures
  Mennas (Vaults:3)
  Boris (Vaults:4)
  Bai Suzhen (Vaults:2)
  Margery (Vaults:4)
  Saint Roka (Orc:2)
  A golden dragon (Vaults:5)
  A mutant beast (WizLab)
  Jory (Vaults:4)
  An Ice Fiend (IceCv)
  A tentacled monstrosity (Swamp:3)
  The ghost of stickyfingers the Warrior, an adept GnAK of Lugonu (Snake:3)
  2 deep elf blademasters (Elf:3)
  Rupert (D:14)
  A deep elf master archer (Elf:3)
  A quicksilver dragon (Vaults:5)
  4 tengu reavers (Vaults:5)
  A storm dragon (shapeshifter) (WizLab)
  An azure jelly (Swamp:4)
  Roxanne (Elf:3)
  12 nagarajas
  3 deep elf sorcerers
  An orc warlord (Orc:1)
  A fire giant (Vaults:3)
  A frost giant (Vaults:3)
  Aizul (Vaults:2)
  6 vault wardens
  An imperial myrmidon (Desolation)
  The ghost of p0werm0de the Warrior, a journeyman GrCK of Xom (Swamp:4)
  5 deep elf elementalists
  2 ironheart preservers
  11 very ugly things
  An entropy weaver (Vaults:4)
  An entropy weaver (shapeshifter) (WizLab)
  9 large abominations
  5 stone giants
  7 deep elf demonologists
  6 deep elf annihilators
  6 crystal guardians
  3 ettins
  9 deep elf death magi
  A fire dragon (Vaults:3)
  6 yaktaur captains
  A minotaur (Lab)
  6 ragged hierophants (Desolation)
  2 deep elf high priests (Elf:3)
  A great orb of eyes (Vaults:2)
  13 naga warriors
  A rakshasa (Vaults:3)
  4 catoblepae
  10 hydras
  3 vault guards (Vaults:3)
  7 ice dragons
  13 servants of whispers
  2 peacekeepers (Desolation)
  2 ghost crabs
  8 centaur warriors
  2 death knights (Vaults:3)
  29 two-headed ogres
  9 anacondas
  4 alligators
  A deep troll earth mage (Vaults:4)
  2 tengu warriors (D:15)
  6 death yaks (Lair:6)
  6 ogre magi
  6 naga sharpshooters
  16 dancing weapons
  3 orc high priests
  23 slime creatures
  6 shock serpents
  An iron golem (WizLab)
  14 deep elf knights
  Urug (D:14)
  4 spriggans
  A salamander mystic (Snake:1)
  A fire crab (shapeshifter) (WizLab)
  6 hell knights (Vaults:4)
  An unseen horror (D:15)
  A skeletal warrior (Vaults:3)
  6 deep trolls
  2 glowing orange brains (shapeshifter)
  4 spriggan druids
  2 glowing orange brains
  A flayed ghost (Vaults:4)
  2 wizards
  An orange crystal statue (D:9)
  4 naga ritualists
  5 orc knights
  14 ironbrand convokers
  3 swamp dragons
  Pikel (D:4)
  7 deep elf archers
  2 phantasmal warriors
  43 deep elf magi
  7 mana vipers
  3 wolf spiders
  4 cyclopes
  17 ugly things
  5 orc sorcerers
  5 manticores
  8 salamanders
  An ice statue (IceCv)
  Maurice (D:11)
  34 black mambas
  2 guardian serpents (shapeshifter) (WizLab)
  17 guardian serpents
  10 vault sentinels
  11 naga magi
  A molten gargoyle (Desolation)
  Psyche (D:10)
  14 spiny frogs
  A gargoyle (D:15)
  20 yaktaurs
  3 rime drakes
  4 ice devils (IceCv)
  An efreet (D:15)
  A yaktaur (shapeshifter) (WizLab)
  2 centaur skeletons
  3 kobold demonologists
  2 tengu conjurers
  5 anaconda simulacra (IceCv)
  12 freezing wraiths
  5 komodo dragons
  A merfolk (D:9)
  A golden dragon simulacrum (IceCv)
  A polar bear (shapeshifter) (WizLab)
  6 hornets
  4 blink frogs (Lair:6)
  A meliai (shapeshifter) (WizLab)
  9 trolls
  A jumping spider (shapeshifter) (WizLab)
  9 dream sheep (Lair:4)
  6 tyrant leeches
  53 saltlings
  A harpy skeleton (D:14)
  A blink frog (shapeshifter) (WizLab)
  8 bog bodies
  A redback (shapeshifter) (WizLab)
  A hippogriff (shapeshifter) (D:14)
  6 small abominations (WizLab)
  A dire elephant simulacrum (IceCv)
  A spriggan (shapeshifter) (Vaults:2)
  7 hippogriffs
  4 wraiths
  37 yaks
  A tarantella (shapeshifter) (Vaults:2)
  A vampire (D:14)
  2 redbacks (Vaults:4)
  A water elemental (Elf:2)
  A fire elemental (Elf:3)
  2 wyverns
  2 humans (shapeshifter) (WizLab)
  A basilisk (D:15)
  2 air elementals (Elf:3)
  A hog (shapeshifter) (WizLab)
  14 humans
  A steam dragon (Lair:4)
  7 vampire mosquitoes
  2 death yak simulacra (IceCv)
  3 swamp worm simulacra (Swamp:4)
  A hungry ghost (D:15)
  7 swamp worms
  4 wargs (Orc:2)
  14 hydra simulacra
  33 nagas
  3 iron troll simulacra (IceCv)
  2 harpy simulacra (IceCv)
  2 soldier ants (shapeshifter) (WizLab)
  8 water moccasins
  A water moccasin (shapeshifter) (WizLab)
  A floating eye (shapeshifter) (WizLab)
  A slave (D:3)
  4 floating eyes (WizLab)
  8 porcupines
  31 orc warriors
  6 swamp drakes
  2 sky beasts
  An ettin simulacrum (IceCv)
  2 ice beasts
  An ice beast (shapeshifter) (WizLab)
  2 black bears
  A phantom (D:10)
  5 boggarts (Vaults:1)
  2 tengu (shapeshifter) (WizLab)
  A wolf (shapeshifter) (WizLab)
  17 ogres
  5 wolves (Lair:4)
  An ogre (shapeshifter) (WizLab)
  14 centaurs
  11 crocodiles
  5 big kobolds
  2 big kobolds (shapeshifter) (WizLab)
  Blork the orc (Orc:2)
  9 bullfrogs
  A gnoll sergeant (D:7)
  An earth elemental (Elf:1)
  A wyvern zombie (D:7)
  5 killer bees
  12 wights
  2 howler monkeys (D:8)
  10 crimson imps
  2 draconian simulacra (IceCv)
  3 hounds
  4 jellies
  15 orc priests
  A bullfrog skeleton (D:12)
  A jelly (shapeshifter) (D:14)
  15 orc wizards
  5 iguanas
  5 troll simulacra (IceCv)
  A spriggan simulacrum (IceCv)
  5 worker ants
  A polar bear simulacrum (IceCv)
  2 killer bee zombies
  A centaur simulacrum (IceCv)
  A hound skeleton (D:7)
  A howler monkey zombie (D:5)
  A worker ant zombie (D:11)
  5 gnolls (D:7)
  3 naga simulacra (IceCv)
  10 adders
  3 ogre simulacra (IceCv)
  9 white imps (IceCv)
  3 swamp drake simulacra (Swamp:4)
  An ufetubus (IceCv)
  An adder zombie (D:10)
  3 worms
  2 dart slugs
  2 leopard geckos
  74 orcs
  2 bats
  6 giant cockroaches
  A goblin (D:3)
  6 hobgoblins
  10 jackals
  A quokka (D:10)
  3 frilled lizards
  16 kobolds
  3 rats (D:1)
  A crawling corpse (Elf:3)
1305 creatures vanquished.

Vanquished Creatures (collateral kills)
  A nagaraja (Snake:4)
  An anaconda (Snake:4)
  A naga warrior (Snake:4)
  A centaur warrior (D:15)
  A naga sharpshooter (Snake:4)
  2 salamander mystics
  An orc knight (Orc:2)
  2 orc sorcerers
  A guardian serpent (Snake:4)
  2 black mambas (Snake:4)
  A spiny frog (Lair:6)
  A rime drake (Lair:6)
  A hornet (Swamp:2)
  A slime creature (D:14)
  A spriggan (Swamp:2)
  4 yaks (Lair:6)
  3 nagas
  3 water moccasins
  A porcupine (Lair:4)
  A bullfrog (Lair:2)
  An orc priest (D:11)
  5 orcs
  3 fungi
39 creatures vanquished.

Vanquished Creatures (others)
  A deep elf master archer (Elf:3)
  A thorn hunter (Swamp:4)
  3 deep elf archers
  A guardian serpent (Snake:4)
  2 nagas (Snake:3)
  2 white imps (IceCv)
  3 ufetubi (IceCv)
  8 fungi
  9 plants
30 creatures vanquished.

Grand Total: 1374 creatures vanquished

Notes
Turn   | Place    | Note
-------+----------+-------------------------------------------
     0 | D:1      | Leszczynek the Troll Skald began the quest for the Orb.
     0 | D:1      | Reached XP level 1. HP: 19/19 MP: 1/1
    84 | D:1      | Reached XP level 2. HP: 21/27 MP: 2/2
    97 | D:1      | Reached skill level 3 in Unarmed Combat
   101 | D:1      | Learned a level 2 spell: Shroud of Golubria
   351 | D:3      | Reached XP level 3. HP: 21/33 MP: 3/3
   397 | D:3      | Found a radiant altar of Vehumet.
   413 | D:3      | Reached skill level 4 in Unarmed Combat
   520 | D:4      | Found a basalt altar of Yredelemnul.
   534 | D:4      | Noticed a slave
   535 | D:4      | Noticed Pikel
   535 | D:4      | Noticed a slave
   543 | D:3      | Reached XP level 4. HP: 40/41 MP: 4/4
   545 | D:4      | Noticed a slave
   558 | D:3      | Killed a slave
   672 | D:3      | Reached skill level 5 in Unarmed Combat
   738 | D:3      | HP: 7/41 [orc priest/divine providence (16)]
   739 | D:3      | HP: 3/41 [orc priest/short sword (4)]
   741 | D:3      | Reached XP level 5. HP: 4/48 MP: 0/5
   751 | D:3      | wew lad
   781 | D:3      | Noticed an ice beast
   815 | D:4      | Noticed an ogre
   822 | D:4      | Noticed an ogre
   823 | D:4      | Killed an ogre
   823 | D:4      | Reached skill level 6 in Unarmed Combat
   830 | D:4      | Killed an ogre
   830 | D:4      | Reached XP level 6. HP: 30/55 MP: 1/6
   860 | D:4      | Found a staircase to the Ecumenical Temple.
   885 | Temple   | Entered the Ecumenical Temple
   893 | Temple   | Became a worshipper of Cheibriados the Contemplative
   894 | Temple   | nothing can go wrong
   919 | D:4      | Noticed Eustachio
   923 | D:4      | Reached skill level 7 in Unarmed Combat
   983 | D:4      | Noticed a slave
  1000 | D:4      | Killed Pikel
  1000 | D:4      | Reached skill level 2 in Fighting
  1000 | D:4      | Reached skill level 2 in Dodging
  1000 | D:4      | Reached skill level 8 in Unarmed Combat
  1000 | D:4      | Reached XP level 7. HP: 37/66 MP: 4/7
  1021 | D:4      | You fall through a shaft for 2 floors!
  1031 | D:6      | Found a shimmering altar of Xom.
  1032 | D:6      | Found a shimmering altar of Xom.
  1032 | D:6      | Found a shimmering altar of Xom.
  1093 | D:5      | Entered Level 5 of the Dungeon
  1115 | D:5      | Reached skill level 3 in Dodging
  1148 | D:5      | Reached skill level 3 in Fighting
  1154 | D:5      | Reached XP level 8. HP: 71/75 MP: 8/8
  1372 | D:7      | Reached * piety under Cheibriados
  1382 | D:7      | Reached skill level 4 in Fighting
  1627 | D:8      | Found a staircase to the Lair.
  1628 | D:8      | Noticed a komodo dragon
  1681 | D:6      | Reached skill level 9 in Unarmed Combat
  1763 | D:7      | Reached skill level 4 in Dodging
  1852 | D:8      | Reached ** piety under Cheibriados
  1888 | D:8      | Learned a level 1 spell: Animate Skeleton
  1898 | D:8      | Learned a level 2 spell: Song of Slaying
  2004 | D:8      | Noticed a hippogriff
  2011 | D:8      | Killed a hippogriff
  2011 | D:8      | Reached skill level 1 in Invocations
  2011 | D:8      | Reached XP level 9. HP: 72/84 MP: 9/9
  2033 | D:8      | Found Rasya's General Store.
  2078 | D:8      | Bought a potion of curing for 33 gold pieces
  2078 | D:8      | Bought a scroll of identify for 22 gold pieces
  2082 | D:8      | Noticed an orc sorcerer
  2083 | D:8      | what the fuck
  2104 | D:8      | Noticed a wizard
  2105 | D:8      | ?????
  2105 | D:8      | wow wtf
  2115 | D:8      | Killed a wizard
  2115 | D:8      | Reached skill level 10 in Unarmed Combat
  2115 | D:8      | Reached skill level 2 in Invocations
  2115 | D:8      | Paralysed by an orc sorcerer for 5 turns
  2121 | D:8      | Noticed a sun demon
  2125 | D:8      | Noticed a red devil
  2125 | D:8      | Killed an orc sorcerer
  2125 | D:8      | Reached skill level 5 in Fighting
  2126 | D:8      | what the fuck?!
  2132 | D:8      | Reached skill level 3 in Invocations
  2174 | D:8      | randart boots, woo
  2237 | D:8      | Killed a komodo dragon
  2332 | D:9      | Noticed a two-headed ogre
  2340 | D:9      | Killed a two-headed ogre
  2340 | D:9      | Reached skill level 11 in Unarmed Combat
  2340 | D:9      | Reached XP level 10. HP: 96/96 MP: 8/11
  2377 | D:9      | oh boy, fun layout
  2377 | D:9      | Noticed an orange crystal statue
  2378 | D:9      | really
  2437 | D:9      | Found Qedau's Specialty Armours.
  2455 | D:9      | Reached skill level 5 in Dodging
  2467 | D:9      | "faith
  2467 | D:9      | no thx
  2488 | D:8      | Noticed an orc sorcerer
  2488 | D:8      | what the hell
  2591 | D:10     | Entered Level 10 of the Dungeon
  2661 | D:9      | Noticed a two-headed ogre
  2671 | D:9      | Killed a two-headed ogre
  2671 | D:9      | Reached skill level 6 in Fighting
  2704 | D:8      | Found Diludupa's Gadget Shop.
  2756 | D:8      | Killed an orc sorcerer
  2756 | D:8      | Reached skill level 6 in Dodging
  2917 | D:10     | Noticed a two-headed ogre
  2929 | D:10     | Killed a two-headed ogre
  2929 | D:10     | Reached skill level 7 in Fighting
  2932 | D:10     | Reached skill level 4 in Invocations
  3010 | D:10     | Noticed Psyche
  3016 | D:10     | Killed Psyche
  3153 | D:10     | Reached *** piety under Cheibriados
  3240 | D:10     | Reached skill level 5 in Invocations
  3290 | D:11     | Reached XP level 11. HP: 76/110 MP: 8/13
  3342 | D:11     | Noticed a two-headed ogre
  3347 | D:11     | Killed a two-headed ogre
  3530 | D:12     | Reached skill level 8 in Fighting
  3601 | D:13     | Reached **** piety under Cheibriados
  3633 | D:13     | Noticed a five-headed hydra
  3638 | D:13     | HP: 20/111 [five-headed hydra (10)]
  3643 | D:13     | HP: 19/166 [five-headed hydra (1)]
  3645 | D:13     | Killed a five-headed hydra
  3645 | D:13     | Reached skill level 6 in Invocations
  3791 | D:13     | Found Nommoi's Food Shoppe.
  3888 | D:12     | HP: 20/111 [large slime creature (14)]
  3890 | D:12     | Reached skill level 7 in Invocations
  3927 | D:12     | Noticed a brown ugly thing
  3940 | D:12     | Killed a brown ugly thing
  3940 | D:12     | Reached skill level 1 in Throwing
  3944 | D:12     | Gained mutation: You occasionally shout uncontrollably at your foes. [mutagenic meat]
  3945 | D:12     | Gained mutation: Your muscles are strong. (Str +2) [mutagenic meat]
  4121 | D:13     | Reached skill level 2 in Throwing
  4204 | D:13     | Reached skill level 7 in Dodging
  4205 | D:13     | Reached skill level 3 in Throwing
  4271 | D:11     | Reached ***** piety under Cheibriados
  4286 | D:11     | Reached skill level 12 in Unarmed Combat
  4295 | D:11     | Found a viscous altar of Jiyva.
  4310 | D:11     | Noticed Maurice
  4322 | D:11     | Killed Maurice
  4332 | D:11     | Noticed an orc knight
  4350 | D:11     | Killed an orc knight
  4350 | D:11     | Reached skill level 4 in Throwing
  4385 | D:11     | Noticed an orc knight
  4387 | D:11     | the fuck
  4395 | D:11     | Killed an orc knight
  4395 | D:11     | Reached XP level 12. HP: 103/119 MP: 16/16
  4452 | D:11     | Found a roughly hewn altar of Beogh.
  4452 | D:11     | Found a staircase to the Orcish Mines.
  4574 | D:14     | Found a gate to the Vaults.
  4574 | D:14     | Noticed Urug
  4574 | D:14     | Noticed Rupert
  4574 | D:14     | Noticed a centaur warrior
  4574 | D:14     | Noticed a centaur warrior
  4575 | D:14     | uh huuuuuuh
  4680 | D:13     | Found Qechatio's Weapon Shop.
  4747 | D:15     | Entered Level 15 of the Dungeon
  4802 | D:15     | Reached skill level 5 in Throwing
  4824 | D:15     | Noticed a tengu warrior
  4825 | D:15     | Noticed a tengu warrior
  4841 | D:15     | Killed a tengu warrior
  4844 | D:15     | Killed a tengu warrior
  4853 | D:15     | Reached skill level 6 in Throwing
  4872 | D:15     | HP: 8/119 [white ugly thing (31)]
  4918 | D:15     | Gained mutation: You have sharp toenails. [mutagenic meat]
  4919 | D:15     | Gained mutation: You have a beak for a mouth. [mutagenic meat]
  4958 | D:15     | Noticed a centaur warrior
  4962 | D:15     | Noticed a centaur warrior
  4964 | D:15     | Killed a centaur warrior
  4964 | D:15     | Reached skill level 8 in Dodging
  4968 | D:15     | Killed a centaur warrior
  4968 | D:15     | Reached skill level 7 in Throwing
  5042 | D:15     | Noticed a centaur warrior
  5052 | D:15     | Killed a centaur warrior
  5171 | D:14     | Reached skill level 8 in Throwing
  5271 | D:14     | Noticed a two-headed ogre
  5275 | D:14     | Killed a two-headed ogre
  5302 | D:14     | Reached skill level 9 in Throwing
  5517 | Lair:1   | Entered Level 1 of the Lair of Beasts
  5566 | Lair:2   | Noticed a catoblepas
  5577 | Lair:2   | Killed a catoblepas
  5577 | Lair:2   | Reached XP level 13. HP: 127/127 MP: 15/17
  5763 | Lair:2   | HP: 23/128 [yak (12)]
  5769 | Lair:2   | HP: 19/128 [poisoned by a water moccasin]
  5804 | Lair:2   | Reached skill level 13 in Unarmed Combat
  5811 | Lair:2   | Found a staircase to the Swamp.
  5814 | Lair:2   | ofc it's swamp
  6077 | Lair:3   | Reached skill level 8 in Invocations
  6246 | Lair:4   | Found a labyrinth entrance.
  6274 | Lair:4   | Reached ****** piety under Cheibriados
  6279 | Lair:4   | Reached skill level 9 in Fighting
  6318 | Lair:4   | so, volcano or lab
  6318 | Lair:4   | lab can have better items, and i have no rF+, and i haven't found volcano yet
  6318 | Lair:4   | so lab it is
  6319 | Lab      | Entered a labyrinth
  6469 | Lab      | nice
  6480 | Lab      | Noticed a minotaur
  6487 | Lab      | Killed a minotaur
  6515 | Lab      | well, mostly useless
  6515 | Lab      | dunno what those scrolls are
  6518 | Lab      | torment, amnesia, brand weapon
  6518 | Lab      | baaaad
  6631 | Lair:4   | the second is snake, so now i can go to lair 6
  6741 | Lair:5   | Reached skill level 9 in Invocations
  6762 | Lair:5   | Learned a level 3 spell: Regeneration
  6770 | Lair:6   | Entered Level 6 of the Lair of Beasts
  6827 | Lair:6   | Learned a level 1 spell: Summon Butterflies
  6853 | Lair:6   | Reached skill level 1 in Necromancy
  6962 | Lair:6   | Reached skill level 2 in Necromancy
  7086 | Lair:6   | HP: 22/132 [seven-headed hydra (7)]
  7402 | Lair:6   | Reached skill level 10 in Fighting
  7440 | Lair:6   | Reached skill level 9 in Dodging
  7440 | Lair:6   | Reached skill level 3 in Necromancy
  7440 | Lair:6   | Reached XP level 14. HP: 88/143 MP: 16/19
  7531 | Lair:6   | Reached skill level 4 in Necromancy
  7670 | Lair:6   | wow, 4 charges on digging from recharging
  7670 | Lair:6   | woooooow
  7998 | Orc:1    | Entered Level 1 of the Orcish Mines
  7998 | Orc:1    | Noticed a stone giant
  8006 | Orc:1    | Killed a stone giant
  8065 | Orc:2    | Entered Level 2 of the Orcish Mines
  8067 | Orc:2    | Noticed an orc warlord
  8067 | Orc:2    | at least he has a shield
  8067 | Orc:2    | ;_;
  8083 | Orc:1    | Killed an orc warlord
  8083 | Orc:1    | Reached skill level 5 in Necromancy
  8112 | Orc:1    | Reached skill level 1 in Shields
  8163 | Orc:2    | Noticed Saint Roka
  8165 | Orc:2    | plz
  8165 | Orc:2    | plzzzzzzz
  8219 | Orc:2    | Killed Saint Roka
  8219 | Orc:2    | Reached skill level 3 in Shields
  8281 | Orc:2    | Reached skill level 4 in Shields
  8316 | Orc:2    | Noticed Blork the orc
  8332 | Orc:2    | Killed Blork the orc
  8383 | Orc:2    | Found a roughly hewn altar of Beogh.
  8412 | Orc:2    | Reached skill level 5 in Shields
  8435 | Orc:2    | Found Keirann's Antique Armour Boutique.
  8441 | Orc:2    | Bought a runed hat for 147 gold pieces
  8458 | Orc:2    | Found Vilayca's General Store.
  8481 | Orc:2    | Found Seabb's Book Boutique.
  8489 | Orc:2    | bingo
  8489 | Orc:2    | statue's here
  8503 | Orc:2    | Found Teec's Antique Weapon Boutique.
  8695 | Orc:2    | Reached skill level 6 in Shields
  8799 | Orc:2    | Found a staircase to the Elven Halls.
  9025 | Orc:2    | Bought the Handbook of the Rocks and the Escort for 1190 gold pieces
  9032 | Orc:2    | Learned a level 6 spell: Statue Form
  9147 | Orc:2    | Found a roughly hewn altar of Beogh.
  9264 | Orc:2    | i have barely any MR
  9264 | Orc:2    | elf would be a bad idea IMO
  9285 | Elf:1    | Entered Level 1 of the Elven Halls
  9439 | Elf:2    | Reached skill level 1 in Transmutations
  9439 | Elf:2    | Reached skill level 1 in Earth Magic
  9496 | Elf:2    | Found Caodd's Antique Weapon Emporium.
  9508 | Elf:2    | Reached skill level 2 in Earth Magic
  9556 | Elf:2    | Reached skill level 2 in Transmutations
  9556 | Elf:2    | Reached XP level 15. HP: 142/149 MP: 20/20
  9679 | Elf:1    | Found Asomp's Gadget Shoppe.
  9690 | Elf:1    | Found Dehonaumn's General Store.
  9691 | Elf:1    | there are shops, but not the kind i'm looking for
  9691 | Elf:1    | jewellery plz
  9719 | Elf:1    | Reached skill level 3 in Earth Magic
  9793 | Elf:1    | Bought a +3 amulet of reflection for 282 gold pieces
  9882 | Elf:1    | Reached skill level 3 in Transmutations
  9902 | Elf:1    | Found Calimnio's Distillery.
  9921 | Elf:1    | Bought a potion of heal wounds for 90 gold pieces
  9921 | Elf:1    | Bought a potion of brilliance for 72 gold pieces
  9921 | Elf:1    | Bought a potion of agility for 72 gold pieces
  9921 | Elf:1    | Bought a potion of agility for 72 gold pieces
  9953 | Elf:1    | Reached skill level 4 in Earth Magic
 10074 | Elf:1    | Noticed Asterion
 10189 | Elf:1    | Reached skill level 7 in Shields
 10218 | Elf:2    | HP: 20/149 [deep elf archer/arrow (23)]
 10222 | Elf:1    | ok, enough
 10222 | Elf:1    | fuck it
 10680 | Lair:4   | Found a staircase to the Snake Pit.
 10688 | Snake:1  | Entered Level 1 of the Snake Pit
 10783 | Snake:1  | Reached skill level 4 in Transmutations
 10839 | Snake:2  | Reached skill level 5 in Earth Magic
 10890 | Snake:2  | Noticed a nagaraja
 10892 | Snake:2  | bad idea
 10989 | Snake:3  | Noticed stickyfingers's ghost (adept GnAK)
 11225 | Snake:2  | Killed a nagaraja
 11283 | Snake:2  | Reached skill level 5 in Transmutations
 11299 | Snake:2  | 27 int, so what
 11299 | Snake:2  | ;_;
 11355 | Snake:2  | Reached skill level 6 in Earth Magic
 11555 | Snake:2  | man, i'm really slowing down here
 11555 | Snake:2  | no wiz
 11731 | Snake:3  | Noticed a nagaraja
 11745 | Snake:3  | Killed a nagaraja
 11760 | Snake:3  | i have 6 out of 7 unknown scrolls with me
 11799 | Snake:3  | 2 bril
 11799 | Snake:3  | and no MR items
 11799 | Snake:3  | let's go!
 11809 | Snake:4  | Entered Level 4 of the Snake Pit
 11824 | Snake:3  | Reached skill level 6 in Transmutations
 11824 | Snake:3  | Reached skill level 7 in Earth Magic
 11901 | Snake:4  | Reached skill level 8 in Shields
 11927 | Snake:4  | Noticed a nagaraja
 11935 | Snake:4  | Killed a nagaraja
 11935 | Snake:4  | Reached XP level 16. HP: 94/158 MP: 21/21
 11936 | Snake:4  | plz not into vault
 11936 | Snake:4  | plz
 11939 | Snake:4  | thanks
 11957 | Snake:4  | i can cancel teleport with my own
 11957 | Snake:4  | but that's an easy way to run out of tps completely
 12270 | Snake:4  | one more
 12270 | Snake:4  | if i get tp'd into the vault, i'm drinking brilliance
 12384 | Snake:4  | Reached skill level 8 in Earth Magic
 12482 | Snake:4  | Reached skill level 7 in Transmutations
 12559 | Snake:4  | Gained mutation: You are frail. (-10% HP) [mutagenic meat]
 12560 | Snake:4  | Gained mutation: Your flesh is cold resistant. (rC+) [mutagenic meat]
 12882 | Snake:4  | Reached skill level 9 in Earth Magic
 12982 | Snake:4  | Reached skill level 2 in Spellcasting
 12986 | Snake:4  | HP: 27/142 [nagaraja/flail (14)]
 13020 | Snake:4  | Reached skill level 8 in Transmutations
 13030 | Snake:4  | Gained mutation: Armour fits poorly on your strangely shaped body. [mutagenic meat]
 13031 | Snake:4  | Gained mutation: Your muscles are very strong. (Str +4) [mutagenic meat]
 13032 | Snake:4  | Gained mutation: Your spells are a little harder to cast, but a little more powerful. [mutagenic meat]
 13033 | Snake:4  | Gained mutation: Your system is resistant to poisons. (rPois) [mutagenic meat]
 13034 | Snake:4  | Gained mutation: You can translocate small distances at will. [mutagenic meat]
 13035 | Snake:4  | lol wild magic
 13035 | Snake:4  | thanks for nothing
 13146 | Snake:4  | Reached skill level 9 in Shields
 13177 | Snake:4  | Lost mutation: You have sharp toenails. [mutagenic meat]
 13178 | Snake:4  | Lost mutation: Your muscles are very strong. (Str +4) [mutagenic meat]
 13179 | Snake:4  | Gained mutation: You are partially covered in iridescent scales. (AC +2) [mutagenic meat]
 13180 | Snake:4  | Lost mutation: Your muscles are strong. (Str +2) [mutagenic meat]
 13239 | Snake:4  | Got a serpentine rune of Zot
 13240 | Snake:4  | gotcha
 13264 | Snake:4  | that was spectacularly stupid of me
 13362 | Snake:3  | Learned a level 4 spell: Control Undead
 13442 | Snake:3  | Reached XP level 17. HP: 97/149 MP: 18/22
 13478 | Snake:3  | Killed stickyfingers's ghost
 13659 | Swamp:1  | Entered Level 1 of the Swamp
 13684 | Lair:2   | Reached skill level 10 in Earth Magic
 13822 | Swamp:1  | Identified 2 scrolls of acquirement
 13823 | Swamp:1  | lol
 13823 | Swamp:1  | i KNEW it
 13823 | Swamp:1  | that i'm sitting on 2 acqs
 13839 | Swamp:1  | Got a transparent garnet amulet
 13840 | Swamp:1  | no risk, no fun
 13841 | Swamp:1  | Identified the amulet "Qolatoil" {Harm *Drain Int+4} (You acquired it on level 1 of the Swamp)
 13842 | Swamp:1  | hurrrrr
 13945 | Swamp:1  | Reached skill level 3 in Spellcasting
 13985 | Swamp:2  | ok, got all scrolls too
 14052 | Swamp:2  | Reached skill level 9 in Transmutations
 14244 | Swamp:3  | Reached skill level 4 in Spellcasting
 14272 | Swamp:4  | Entered Level 4 of the Swamp
 14447 | Swamp:4  | Noticed p0werm0de's ghost (journeyman GrCK)
 14514 | Swamp:4  | Killed p0werm0de's ghost
 14554 | Swamp:4  | Found a frozen archway.
 14556 | Swamp:4  | Reached skill level 5 in Spellcasting
 14568 | IceCv    | Entered an ice cave
 14579 | IceCv    | late ice cave
 14579 | IceCv    | will be hard, probably
 14602 | IceCv    | yep
 14602 | IceCv    | fuck it
 14700 | IceCv    | ohhh
 14700 | IceCv    | good!
 14700 | IceCv    | wiz staff
 14959 | IceCv    | Noticed an Ice Fiend
 14981 | IceCv    | Killed an Ice Fiend
 15290 | Swamp:4  | Got a decaying rune of Zot
 15291 | Swamp:4  | ok
 15291 | Swamp:4  | elf time
 15291 | Swamp:4  | with no mr
 15291 | Swamp:4  | ;_;
 15384 | Swamp:3  | Reached skill level 14 in Unarmed Combat
 15412 | Swamp:3  | Noticed a tentacled monstrosity
 15419 | Swamp:3  | Killed a tentacled monstrosity
 15904 | Elf:2    | Found Ufath's Distillery.
 15964 | Elf:2    | Bought a potion of cancellation for 144 gold pieces
 16117 | Elf:3    | Entered Level 3 of the Elven Halls
 16126 | Elf:3    | Reached XP level 18. HP: 156/156 MP: 18/24
 16202 | Elf:3    | Reached skill level 11 in Earth Magic
 16219 | Elf:3    | Reached skill level 10 in Transmutations
 16231 | Elf:3    | Found Ycvucvif's Antique Weapon Shop.
 16320 | Elf:3    | Reached skill level 15 in Unarmed Combat
 16337 | Elf:3    | Noticed Roxanne
 16443 | Elf:3    | Killed Roxanne
 16564 | Elf:3    | Learned a level 5 spell: Irradiate
 16668 | Elf:3    | still not banished!
 16668 | Elf:3    | hurrr
 16691 | Elf:3    | Reached skill level 16 in Unarmed Combat
 16704 | Elf:3    | Reached skill level 12 in Earth Magic
 16815 | Elf:3    | Got a heavily runed jade ring
 16820 | Elf:3    | Identified the ring "Teqemuts" {Ice Str+4} (You took it off a deep elf mage on level 3 of the Elven Halls)
 16829 | Elf:3    | Got a pitted jade ring
 16831 | Elf:3    | Identified the ring "Voaty" {rC+ MR+ Str+3} (You took it off a deep elf demonologist on level 3 of the Elven Halls)
 16832 | Elf:3    | finally something better
 16908 | Elf:3    | okay!
 16908 | Elf:3    | good!
 16908 | Elf:3    | four winds
 16925 | Elf:3    | Reached skill level 17 in Unarmed Combat
 16955 | Elf:3    | Identified the Compendium of Lucky Fire
 16962 | Elf:3    | Identified the Disquisition on Beguiling
 16969 | Elf:3    | Identified the Volume of Circular Logic
 16978 | Elf:3    | Identified the Reference Book on the Compass
 16984 | Elf:3    | Learned a level 4 spell: Passage of Golubria
 17026 | Elf:3    | so i only don't have rcorr now
 17026 | Elf:3    | but i can do v5 now for sure
 17333 | D:14     | Killed Rupert
 17336 | D:14     | Killed Urug
 17336 | D:14     | Reached skill level 6 in Spellcasting
 17444 | D:15     | Reached skill level 1 in Translocations
 17449 | D:15     | Identified the Guide on Fiery Intoxication
 17480 | D:15     | Found a staircase to the Depths.
 17541 | Vaults:1 | Entered Level 1 of the Vaults
 17580 | Vaults:1 | Reached skill level 10 in Dodging
 17648 | Vaults:1 | Reached XP level 19. HP: 163/163 MP: 23/27
 17665 | Vaults:2 | wizlab
 17736 | Vaults:2 | Reached skill level 13 in Earth Magic
 17759 | Vaults:2 | Noticed Bai Suzhen
 17768 | Vaults:2 | Killed Bai Suzhen
 17768 | Vaults:2 | Reached skill level 2 in Translocations
 17789 | Vaults:2 | Found a staircase to the Crypt.
 17789 | Vaults:2 | Found a basalt altar of Yredelemnul.
 17790 | Vaults:2 | Noticed Aizul
 17790 | Vaults:2 | Found an ancient bone altar of Kikubaaqudgha.
 17798 | Vaults:2 | Killed Aizul
 17854 | Vaults:2 | "nearby"
 17859 | Vaults:2 | Found a magical portal.
 17869 | Vaults:2 | i'd never go in that direction in time
 17869 | Vaults:2 | 1 mapping left :/
 17875 | WizLab   | Entered Cigotuvi's Fleshworks
 17876 | WizLab   | mutation
 17876 | WizLab   | hm
 17876 | WizLab   | well, definitelywon't hurt to have some more
 17876 | WizLab   | by "some" i mean a whole fucking lot
 18055 | WizLab   | Identified Cigotuvi's Almanac of Evil Moulding
 18062 | WizLab   | Identified the Reference Book on Moulding
 18066 | WizLab   | Learned a level 2 spell: Passwall
 18130 | WizLab   | Reached skill level 3 in Translocations
 18169 | WizLab   | Paralysed by a floating eye for 4 turns
 18236 | WizLab   | Paralysed by a floating eye for 2 turns
 18241 | WizLab   | Paralysed by a floating eye for 4 turns
 18257 | WizLab   | Paralysed by a floating eye for 4 turns
 18263 | WizLab   | Paralysed by a floating eye for 4 turns
 18269 | WizLab   | Paralysed by a floating eye for 4 turns
 18307 | WizLab   | Got a slimy lead amulet
 18308 | WizLab   | Identified the amulet of Viuc {Spirit Int+3} (You found it in a wizard's laboratory)
 18382 | WizLab   | 16 mutation (sic) and 5 summoning
 18382 | WizLab   | it's always worth it to go here
 18382 | WizLab   | even for summoning alone
 18546 | Vaults:1 | Reached skill level 4 in Translocations
 18738 | Vaults:3 | desolation
 18738 | Vaults:3 | if i can only find it in time
 18797 | Vaults:3 | Reached skill level 5 in Translocations
 18921 | Vaults:3 | Reached skill level 11 in Fighting
 19013 | Vaults:3 | Reached XP level 20. HP: 175/175 MP: 29/29
 19014 | Vaults:3 | Found a ruined gateway.
 19029 | Vaults:3 | Got a polished cloak
 19040 | Vaults:3 | Identified the +2 cloak of Eternal Vigilance {Int+6 Slay+3} (You found it on level 3 of the Vaults)
 19067 | Desolati | Entered the Desolation of Salt
 19124 | Desolati | Reached skill level 11 in Dodging
 19189 | Desolati | Reached skill level 6 in Translocations
 19217 | Desolati | nice tons of randart weapons and armor
 19217 | Desolati | :/
 19319 | Desolati | Reached skill level 7 in Spellcasting
 19418 | Desolati | Reached skill level 10 in Invocations
 19473 | Desolati | Identified the Collected Works on Doomed Creation
 19549 | Desolati | Identified the Volume of the Entrancing Arsonist
 19550 | Desolati | Identified the Incunabulum of Damaging Transmutation
 19570 | Desolati | Learned a level 1 spell: Apportation
 19607 | Desolati | this was pretty disappointing
 19754 | Vaults:3 | Reached skill level 1 in Conjurations
 19824 | Vaults:4 | Noticed Mennas
 19932 | Vaults:3 | Killed Mennas
 19932 | Vaults:3 | Reached skill level 2 in Conjurations
 19956 | Vaults:4 | Reached skill level 11 in Invocations
 19962 | Vaults:4 | Noticed Jory
 19969 | Vaults:4 | Killed Jory
 19969 | Vaults:4 | Reached skill level 7 in Translocations
 20011 | Vaults:4 | Noticed Margery
 20020 | Vaults:4 | Killed Margery
 20148 | Vaults:4 | Reached skill level 3 in Conjurations
 20204 | Vaults:4 | Noticed Boris
 20210 | Vaults:4 | Killed Boris
 20210 | Vaults:4 | Reached XP level 21. HP: 184/184 MP: 30/30
 20231 | Vaults:4 | Reached skill level 12 in Fighting
 20297 | Vaults:4 | "11%"
 20297 | Vaults:4 | fails 3 times in a row, including one higher than light miscast
 20388 | Vaults:4 | fails 4 out of 5 times
 20388 | Vaults:4 | ELEVEN PERCENT
 20390 | Vaults:5 | Entered Level 5 of the Vaults
 20417 | Vaults:5 | Reached skill level 12 in Invocations
 20444 | Vaults:5 | Noticed a golden dragon
 20446 | Vaults:5 | Reached skill level 4 in Conjurations
 20456 | Vaults:5 | Killed a golden dragon
 20459 | Vaults:5 | Noticed an ancient lich
 20466 | Vaults:5 | Noticed a golden dragon
 20474 | Vaults:5 | slow?
 20474 | Vaults:5 | fucking how
 20474 | Vaults:5 | what slowed me?
 20474 | Vaults:5 | HOW AM I SLOWED
 20474 | Vaults:5 | absolutely nothing that could've slowed me
 20474 | Vaults:5 | nice
 20476 | Vaults:5 | HP: 36/185 [tentacled monstrosity (7)]
 20477 | Vaults:5 | HP: 9/240 [quicksilver dragon/bolt of dispelling energy (28)]
 20477 | Vaults:5 | HP: 3/240 [tentacled monstrosity (5)]
 20478 | Vaults:5 | Slain by a tentacled monstrosity

Vault maps used:
D:1:      nicolae_arrival_washed_ashore, minmay_heptomino_w4
D:2:      first_bread, serial_bayou_crossing, uniq_sigmund
D:3:      cheibrodos_pilgrimage, lemuel_round_altar,
          chequers_ecumenical_altar_simple
D:4:      yredelemnul_altar_generic, minmay_temple_entry_statues_fountains,
          kennysheep_boxes, uniq_eustachio, uniq_pikel
D:5:      hangedman_abyss_or_decor_passed, st_stairs_12, nrook_loot_triangle
D:6:      xom_redecorated, fedhas_altar_2
D:8:      cheibrodos_wizards_tower, david_lair_shrubbed, serial_shops, shop,
          shop
D:9:      hangedman_fish_farm, minivault_16, nicolae_barding_shop
D:10:     uniq_psyche
D:11:     david_orc_5, jiyva_altar_1, uniq_maurice
D:12:     eino_house_with_fridge
D:13:     serial_shops, nicolae_shop_waterfront, minmay_shop_grid_forest,
          minmay_holes, minmay_misc_feat_nine_boxes
D:14:     david_vaults_3, kennysheep_pointless_box
D:15:     grunt_enter_depths_hoard, minmay_misc_feat_plants, grunt_ministairs_7
Temple:   regret_index_temple_mists
Lair:2:   minmay_swamp_entry_reptiles, basic_altar
Lair:3:   st_stairs_4, lemuel_oklob_altar
Lair:4:   minmay_snake_entry_guardpost_small, enter_volcano_4,
          lab_entry_generic, disabler_island, grunt_megastairs_2,
          infiniplex_staircase_pool_2
Lair:5:   dpeg_slime_entry_corner
Lair:6:   evilmike_catoblepas_cave, infiniplex_staircase_pool
Swamp:1:  evilmike_swamp_ruin_rubble_1, swamp_pool1
Swamp:2:  nicolae_swamp_very_dense_foliage
Swamp:3:  hangedman_swamp_cone, swamp_pool1
Swamp:4:  swamp_icy, portal_ice_cave_entry_pillars_three
Snake:1:  serial_bayou_shore_a
Snake:2:  nicolae_snake_serpentine_hallways, grunt_megastairs_3
Snake:3:  uniq_vashnia, uniq_jorgrun, uniq_donald
Snake:4:  snake_hunt, st_stairs_8
Orc:2:    grunt_orc_cross, basic_altar, nicolae_orc_stony_grotto
Elf:1:    serial_shops, shop, shop_statue, shop_coins, tgw_sif, uniq_asterion
Elf:2:    serial_shops, shop_fountains, shop_fountains, minivault_23,
          stair_cage_line, solitary_fountain
Elf:3:    grunt_elf_hall_asides, serial_shops, nicolae_shop_waterfront,
          uniq_roxanne
Vaults:1: vaults_mumra_chevron, hangedman_vaults_slither,
          nicolae_vaults_big_angled_halls, v_pattern_4, hangedman_vaults_unwind,
          vaults_room_stairs_pillars, nicolae_vaults_little_squares_5,
          vaults_room_door_ring, st_more_cells
Vaults:2: v_alt_pattern_5, nicolae_vaults_little_squares_4, st_lines,
          vaults_mumra_minichess_inversion, v_pattern_3,
          nicolae_vaults_network_quincunx, vaults_room_boxed,
          ontoclasm_vaults_idyll, vaults_room_corners,
          minmay_crypt_entry_necro_gods, ontoclasm_vaults_ring_square,
          vaults_room_pool, v_misc_13, ontoclasm_vaults_decontamination,
          infiniplex_enter_wizlab_glasses, uniq_bai_suzhen, uniq_aizul
Vaults:3: grunt_vaults_funneled_arena, nicolae_vaults_network_quinsquares,
          nicolae_vaults_asterisk, vaults_dpeg_cross, vaults_dpeg_encased_lava,
          vaults_room_door_ring, v_pattern_1, vaults_room_door_ring,
          hangedman_vaults_maws, vaults_room_ringed_pool,
          dpeg_vaults_monster_box, vaults_room_grid,
          nicolae_vaults_three_branches, nicolae_vaults_ring_of_whatevers,
          ontoclasm_vaults_loading_screen, vaults_dpeg_hooks,
          hangedman_vaults_trim, nicolae_vaults_specimen_jars, v_alt_pattern_1,
          portal_desolation_entry_nicolae_nacl
Vaults:4: vaults_room_corners, v_alt_pattern_6, v_misc_12, v_misc_31,
          ontoclasm_vaults_twist, hangedman_vaults_trim, hangedman_vaults_slice,
          uniq_boris, uniq_jory, uniq_margery, uniq_mennas
Vaults:5: serial_shops
Lab:      labyrinth_mini_lab, nicolae_lab_quarters
IceCv:    ice_cave_caverns_02
WizLab:   wizlab_cigotuvi

Skill      XL: |  1  2  3  4  5  6  7  8  9 10 11 12 13 14 15 16 17 18 19 20 21 |
---------------+----------------------------------------------------------------+-----
Unarmed Combat | 3 4 5 6 8 9 11 12 13 14 17 | 17.2
Fighting       | 2 3 4 5 7 8 10 11 12 | 12.2
Dodging        | 2 3 4 6 7 8 9 10 11 | 11.0
Invocations    | 1 3 5 7 9 11 12 | 12.4
Throwing       | 4 9 |  9.0
Necromancy     | 3 5 |  5.0
Shields        | 6 8 9 |  9.0
Transmutations | 2 6 8 9 10 | 10.3
Earth Magic    | 2 7 9 10 12 13 | 13.4
Spellcasting   | 2 5 6 7 |  7.2
Translocations | 1 5 7 |  7.2
Conjurations   | 3 4 |  4.2
Charms         | |  2.0

Action                   |  1- 3 |  4- 6 |  7- 9 | 10-12 | 13-15 | 16-18 | 19-21 || total
-------------------------+-------+-------+-------+-------+-------+-------+-------++-------
Melee: Unarmed           |    91 |    53 |   184 |   501 |   793 |  1148 |   804 ||  3574
       Punch             |     2 |       |    13 |    42 |    26 |       |       ||    83
       Kick              |       |       |       |    48 |   406 |   166 |       ||   620
       Peck              |       |       |       |    22 |   282 |   359 |   237 ||   900
       Scimitar          |       |       |       |       |     5 |     9 |       ||    14
       Staff             |       |       |       |       |       |     2 |       ||     2
Throw: Tomahawk          |       |       |       |     2 |     5 |    15 |     1 ||    23
       Javelin           |       |       |       |       |     6 |       |       ||     6
       Large rock        |       |       |       |       |     2 |    10 |       ||    12
 Cast: Shroud of Golubri |       |     4 |     3 |    10 |    14 |     5 |       ||    36
       Animate Skeleton  |       |       |       |    31 |   123 |    36 |       ||   190
       Song of Slaying   |       |       |       |       |     3 |       |       ||     3
       Statue Form       |       |       |       |       |       |    30 |    48 ||    78
       Regeneration      |       |       |       |       |       |     5 |    12 ||    17
       Irradiate         |       |       |       |       |       |       |     1 ||     1
Invok: Bend Time         |       |       |     2 |    11 |    11 |    11 |     3 ||    38
       Temporal Distorti |       |       |       |     2 |     2 |     3 |       ||     7
       Slouch            |       |       |       |     1 |     5 |     3 |     5 ||    14
Evoke: Wand              |       |       |     2 |     4 |     4 |     1 |       ||    11
  Use: Scroll            |       |       |    10 |     6 |    16 |    11 |     7 ||    50
       Potion            |       |       |       |     3 |     1 |     2 |     1 ||     7
 Stab: Distracted        |       |       |       |     3 |     5 |     5 |     1 ||    14
       Sleeping          |       |       |       |       |     2 |     2 |     3 ||     7
       Petrified         |       |       |       |       |     3 |       |       ||     3
  Eat: Chunk             |    10 |     4 |    12 |    35 |    50 |    70 |    42 ||   223
       Fruit             |       |       |       |       |       |     8 |       ||     8
       Royal jelly       |       |       |       |       |       |       |     2 ||     2
Armor: Robe              |    26 |    13 |    36 |    41 |       |       |       ||   116
       Troll leather arm |       |       |       |   124 |   179 |   144 |    11 ||   458
       Skin              |       |       |       |    11 |       |   206 |   299 ||   516
Dodge: Dodged            |    45 |    25 |    90 |   362 |   481 |   896 |   766 ||  2665
Block: Shield            |       |       |       |       |   309 |  1114 |   815 ||  2238
       Reflection        |       |       |       |       |    21 |    47 |       ||    68
       Rpst.: Scimitar   |       |       |       |       |     1 |     5 |       ||     6

Table legend:
 A = Spawn XP
 B = Non-spawn XP
 C = Spawn XP percentage of total XP
 D = Spawn monster count
 E = Non-spawn monster count
 F = Spawn count percentage of total count
 G = Total turns spent on level
                    A         B        C        D         E        F      G
               +---------+---------+-------+---------+---------+-------+---------
         Total |   51101 |  572925 |   8.2 |     100 |    1240 |   7.5 | 20478
               +---------+---------+-------+---------+---------+-------+---------
           D:1 |       0 |      22 |   0.0 |       0 |      13 |   0.0 |   125
           D:2 |       0 |      14 |   0.0 |       0 |       7 |   0.0 |   152
           D:3 |       5 |     181 |   2.7 |       2 |      17 |  10.5 |   514
           D:4 |     121 |     892 |  11.9 |       1 |       5 |  16.7 |   213
           D:5 |      52 |     243 |  17.6 |       1 |      11 |   8.3 |   210
           D:6 |       0 |      96 |   0.0 |       0 |       2 |   0.0 |   211
           D:7 |       0 |     678 |   0.0 |       0 |      20 |   0.0 |   370
           D:8 |     302 |    2993 |   9.2 |       6 |      28 |  17.6 |   988
           D:9 |     904 |    2571 |  26.0 |       2 |      17 |  10.5 |   492
          D:10 |       0 |    2751 |   0.0 |       0 |      20 |   0.0 |   436
          D:11 |       0 |    5367 |   0.0 |       0 |      40 |   0.0 |   703
          D:12 |       0 |    2044 |   0.0 |       0 |      20 |   0.0 |   395
          D:13 |     526 |    5425 |   8.8 |       1 |      33 |   2.9 |   662
          D:14 |     712 |   12294 |   5.5 |       2 |      36 |   5.3 |   282
          D:15 |    7505 |   11800 |  38.9 |      10 |      27 |  27.0 |   578
        Lair:1 |     418 |    1885 |  18.2 |       1 |       8 |  11.1 |   164
        Lair:2 |     592 |    7683 |   7.2 |       3 |      29 |   9.4 |   457
        Lair:3 |     659 |    2090 |  24.0 |       2 |       8 |  20.0 |   392
        Lair:4 |     358 |    6266 |   5.4 |       1 |      31 |   3.1 |   569
        Lair:5 |       0 |    1462 |   0.0 |       0 |       8 |   0.0 |   185
        Lair:6 |     370 |   18545 |   2.0 |       1 |      52 |   1.9 |   816
       Swamp:1 |     282 |    5519 |   4.9 |       1 |      20 |   4.8 |   300
       Swamp:2 |    1590 |    6762 |  19.0 |       6 |      19 |  24.0 |   326
       Swamp:3 |     651 |   10813 |   5.7 |       2 |      13 |  13.3 |   277
       Swamp:4 |    1474 |   12280 |  10.7 |       3 |      37 |   7.5 |   430
       Snake:1 |       0 |    2695 |   0.0 |       0 |       5 |   0.0 |   145
       Snake:2 |    1753 |   15940 |   9.9 |       6 |      27 |  18.2 |   849
       Snake:3 |    1657 |   19105 |   8.0 |       3 |      31 |   8.8 |   631
       Snake:4 |   12263 |   44866 |  21.5 |      17 |      75 |  18.5 |  1271
         Orc:1 |       0 |    5091 |   0.0 |       0 |      16 |   0.0 |   334
         Orc:2 |     844 |   14211 |   5.6 |       5 |      68 |   6.8 |  1111
         Elf:1 |     886 |   15063 |   5.6 |       1 |      22 |   4.3 |   749
         Elf:2 |     904 |   26841 |   3.3 |       1 |      48 |   2.0 |   731
         Elf:3 |    3334 |   56271 |   5.6 |       4 |      49 |   7.5 |   757
      Vaults:1 |    2170 |   13351 |  14.0 |       3 |      24 |  11.1 |   220
      Vaults:2 |    1036 |   21696 |   4.6 |       4 |      28 |  12.5 |   384
      Vaults:3 |    4471 |   54139 |   7.6 |       6 |      61 |   9.0 |   568
      Vaults:4 |    5262 |   48661 |   9.8 |       5 |      50 |   9.1 |   538
      Vaults:5 |       0 |   30989 |   0.0 |       0 |      21 |   0.0 |    88
           Lab |       0 |    1051 |   0.0 |       0 |       1 |   0.0 |   200
         IceCv |       0 |   10970 |   0.0 |       0 |      54 |   0.0 |   499
        WizLab |       0 |   26832 |   0.0 |       0 |      54 |   0.0 |   598
    Desolation |       0 |   44477 |   0.0 |       0 |      85 |   0.0 |   541
               +---------+---------+-------+---------+---------+-------+---------
